 Dungeon Crawl Stone Soup version 0.24-a0-725-gf1a930fc54 (webtiles) character file.

Game seed: 15709681899552080957, levelgen mode: deterministic

3419 Arixos the Covert (level 9, -5/41 HPs)
             Began as a Felid Transmuter on Oct 1, 2019.
             Shot with an arrow by a centaur (11 damage)
             ... on level 9 of the Dungeon.
             The game lasted 02:05:26 (10702 turns).

Arixos the Covert (Felid Transmuter)               Turns: 10702, Time: 02:05:26

Health: -5/41      AC:  6    Str:  6    XL:     9   Next: 76%
Magic:  18/18      EV: 30    Int: 17    God:
Gold:   405        SH:  0    Dex: 22    Spells: 6/19 levels left
                                        Lives:  0   Deaths: 2

rFire    . . .     SeeInvis +     - Unarmed
rCold    . . .     Gourm    .   (shield unavailable)
rNeg     . . .     Faith    .   (armour unavailable)
rPois    x         Spirit   .   (helmet unavailable)
rElec    .         Reflect  .   (cloak unavailable)
rCorr    .         Harm     .   (gloves unavailable)
MR       +....                  (boots unavailable)
Stlth    ++++......             (no amulet)
HPRegen  0.13/turn              G - ring of wizardry
MPRegen  0.16/turn              h - +4 ring of protection

@: spider-form (expiring), hasted, very quick
A: tiny, no armour, no weapons or thrown items, stealth, see invisible,
carnivore, slow metabolism 1
a: End Transformation


You were on level 9 of the Dungeon.
You were not hungry.
You were a venomous arachnid creature.
You visited 2 branches of the dungeon, and saw 10 of its levels.
You also visited: Ossuary.

You collected 405 gold pieces.

Inventory:

Missiles
 a - 143 arrows
Jewellery
 h - a +4 ring of protection (right front leg)
 D - an uncursed ring of protection from magic
 G - a ring of wizardry (left front leg)
Wands
 d - a wand of acid (4)
 p - a wand of paralysis (27)
 t - a wand of polymorph (10)
 C - a wand of random effects (15)
 F - a wand of iceblast (11)
Scrolls
 f - 2 scrolls of amnesia
 g - 3 scrolls of fear
 l - 2 scrolls of remove curse
 n - a scroll of identify
 o - a scroll of magic mapping
 r - 3 scrolls of immolation
 u - a scroll of blinking
Potions
 b - 5 potions of flight
 e - 2 potions of lignification
 i - 4 potions of curing
 j - 2 potions of mutation {unknown}
 k - a potion of cancellation {unknown}
 m - a potion of degeneration {unknown}
 q - 4 potions of haste
 s - a potion of invisibility {unknown}
 v - a potion of magic {unknown}
 x - 3 potions of brilliance
 z - a potion of might
 A - 2 potions of resistance {unknown}
Comestibles
 c - 13 rations
 w - 3 chunks of flesh


   Skills:
 + Level 6.1 Fighting
 + Level 8.4 Dodging
 + Level 8.8 Stealth
 + Level 7.0 Unarmed Combat
 + Level 5.9 Spellcasting
 + Level 7.2 Transmutations
 - Level 2.0 Poison Magic


You had 6 spell levels left.
You knew the following spells:

 Your Spells              Type           Power        Failure   Level  Hunger
a - Beastly Appendage     Tmut           ####..       1%          1    None
b - Blade Hands           Tmut           ####......   16%         5    #####..
i - Ice Form              Ice/Tmut       ###.....     22%         4    ####...
s - Spider Form           Tmut/Pois      ###.......   7%          3    ##.....

Your spell library contained the following spells:

 Spells                   Type           Power        Failure   Level  Hunger
 Sticks to Snakes         Tmut           ####....     2%          2    None
 Ignite Poison            Fire/Tmut/Pois ###.....     11%         3    ##.....
 Flame Tongue             Conj/Fire      #....        12%         1    None
 Summon Small Mammal      Summ           #...         12%         1    None
 Sublimation of Blood     Necr           #.........   17%         2    None
 Throw Flame              Conj/Fire      #.....       17%         2    None
 Petrify                  Tmut/Erth      ###.....     22%         4    ####...
 Conjure Flame            Conj/Fire      #.......     28%         3    ##.....
 Inner Flame              Hex/Fire       #.......     28%         3    ##.....
 Recall                   Summ/Tloc      N/A          28%         3    ##.....
 Alistair's Intoxication  Tmut/Pois      ###.....     36%         5    #####..
 Irradiate                Conj/Tmut      ###.......   47%         5    #####..
 Sticky Flame             Conj/Fire      #.......     61%         4    ####...
 Aura of Abjuration       Summ           #.........   89%         5    #####..
 Fireball                 Conj/Fire      #.........   89%         5    #####..
 Lightning Bolt           Conj/Air       #.........   89%         5    #####..


Dungeon Overview and Level Annotations

Branches:
Dungeon (9/15)             Temple (1/1) D:4         Ossuary (visited)
   Lair: D:8-11         Orc: D:9-12

Altars:
Ashenzari
Cheibriados
Dithmenos
Elyvilon
Fedhas
Gozag
Hepliaklqana
Kikubaaqudgha
Makhleb
Nemelex Xobeh
Okawaru
Qazlal
Sif Muna
Trog
Uskayaw
Vehumet
Wu Jian
Xom
Yredelemnul
Zin
The Shining One

Shops:
D:7 (

Annotations:
D:9 Gastronok


Innate Abilities, Weirdness & Mutations

You cannot wear armour.
You are incapable of wielding weapons or throwing items.
Your paws allow you to move quietly. (Stealth)
((You have sharp claws.))
((You have razor-sharp teeth.))
You have supernaturally acute eyesight. (SInv)
You are carnivorous and can eat meat at any time.
((You cover ground quickly.))
((You are covered in thick fur. (AC +2)))
You have a slow metabolism.
((Your sharp claws are effective at attacking unaware monsters.))


Message History

Magic restored.
A centaur comes into view.
The centaur wields a +0 shortbow.
The centaur shoots an arrow.
The arrow completely misses you.
The centaur shoots an arrow.
The arrow completely misses you.
The sentinel's mark upon you fades away.
The centaur shoots an arrow.
The arrow completely misses you.
The centaur shoots an arrow.
The arrow hits you but does no damage.
You see here an arrow.
Your transformation is almost over.
The centaur shoots an arrow.
The arrow hits you!
You see here an arrow.
The centaur shoots an arrow.
The arrow misses you.
The centaur shoots an arrow.
The arrow completely misses you.
The centaur shoots an arrow.
The arrow hits you!
* * * LOW HITPOINT WARNING * * *
You feel yourself speed up.
The centaur shoots an arrow.
The arrow closely misses you.
The centaur shoots an arrow.
The arrow hits you!
You die...

.........(......[################
.....(.......?.......)...........
........<..).....................
.......÷..#######################
########..# #..#
########..#######################
...............(....((...........
...............(s..(.............
..............c##################
##############.# #.#
#.########*****#####
##############.(.......,,,,,.....
......÷)c....c.(.......,,,,,.....
.....w#################*****#####
####..#


You could see a centaur.

Vanquished Creatures
  2 two-headed ogres
  A cyclops (D:9)
  A troll (D:8)
  A hornet (D:9)
  A wyvern (D:9)
  A water moccasin (D:6)
  An ice beast (D:6)
  2 ogres
  3 orc warriors
  A phantom (D:4)
  3 sky beasts
  A centaur (D:8)
  A big kobold (D:8)
  A bullfrog (D:8)
  A water moccasin zombie (Ossuary)
  3 scorpions
  8 killer bees (D:8)
  A howler monkey (D:8)
  4 crimson imps
  6 hounds
  4 orc priests
  4 orc wizards
  2 bullfrog skeletons
  An iguana (D:4)
  3 worker ants
  3 big kobold zombies (Ossuary)
  A hound zombie (D:5)
  A hound skeleton (D:6)
  2 mummies (Ossuary)
  Robin (D:4)
  7 gnolls
  10 adders
  2 shadow imps (D:8)
  An ooze (D:2)
  An adder skeleton (D:6)
  5 adder zombies (Ossuary)
  2 worms
  4 dart slugs
  5 leopard geckos
  23 orcs
  7 giant cockroaches
  2 gnoll zombies (Ossuary)
  14 goblins
  15 hobgoblins
  4 jackals
  14 kobolds
  3 quokkas
  7 bats
  4 frilled lizards
  5 hobgoblin zombies (Ossuary)
  8 kobold zombies (Ossuary)
  A leopard gecko skeleton (D:8)
  4 orc zombies (Ossuary)
  A quokka zombie (D:5)
  9 rats
  3 rat zombies
226 creatures vanquished.

Notes
Turn   | Place    | Note
-------+----------+-------------------------------------------
     0 | D:1      | Arixos the Felid Transmuter began the quest for the Orb.
     0 | D:1      | Reached XP level 1. HP: 9/9 MP: 4/4
   112 | D:1      | Reached XP level 2. HP: 10/12 MP: 4/6
   194 | D:1      | Reached skill level 1 in Stealth
   933 | D:2      | Reached XP level 3. HP: 15/15 MP: 7/7
   951 | D:2      | Learned a level 3 spell: Spider Form
  1355 | D:2      | Reached XP level 4. HP: 19/19 MP: 8/8
  1744 | D:2      | Found a glowing silver altar of Zin.
  2347 | D:2      | Reached XP level 5. HP: 19/22 MP: 2/10
  2617 | D:3      | Found a radiant altar of Vehumet.
  2902 | D:4      | Found a basalt altar of Yredelemnul.
  2960 | D:4      | Noticed Robin
  3039 | D:4      | Gained mutation: You are covered in thick fur. (AC +2)
                  | [Felid growth]
  3039 | D:4      | Reached XP level 6. HP: 18/27 MP: 2/11
  3056 | D:4      | Killed Robin
  3342 | D:4      | Found a staircase to the Ecumenical Temple.
  3358 | Temple   | Entered the Ecumenical Temple
  3890 | D:5      | Entered Level 5 of the Dungeon
  3891 | D:5      | Found a sand-covered staircase.
  3913 | Ossuary  | Entered an ossuary
  4442 | Ossuary  | Reached XP level 7. HP: 30/31 MP: 1/13
  4772 | D:5      | Reached skill level 5 in Dodging
  5996 | D:6      | Reached skill level 5 in Stealth
  6113 | D:6      | Reached XP level 8. HP: 34/36 MP: 10/14
  6160 | D:6      | You fall into a shaft and drop 2 floors!
  6201 | D:8      | Reached skill level 5 in Unarmed Combat
  6448 | D:8      | Reached skill level 5 in Transmutations
  6478 | D:8      | Found a white marble altar of Elyvilon.
  6907 | D:8      | Found an iron altar of Okawaru.
  6933 | D:8      | Noticed a two-headed ogre
  6980 | D:7      | Found a burning altar of Makhleb.
  7216 | D:6      | Found a hazy altar of Hepliaklqana.
  7218 | D:6      | Found a shattered altar of Ashenzari.
  7359 | D:6      | Reached XP level 9. HP: 39/39 MP: 17/17
  7585 | D:7      | Mangled by an orc warrior
  7586 | D:7      | Reached XP level 8. HP: -8/36 MP: 15/16
  7650 | D:7      | Found Saosey's Antique Weapon Shoppe.
  7661 | D:7      | Noticed a slime creature
  7661 | D:7      | Noticed a slime creature
  7662 | D:7      | Noticed a slime creature
  7663 | D:7      | Noticed a slime creature
  7858 | D:7      | Found an ancient bone altar of Kikubaaqudgha.
  8010 | D:7      | Found a blossoming altar of Fedhas.
  8838 | D:8      | Reached skill level 5 in Fighting
  9037 | D:8      | HP: 1/37 [poisoned by a killer bee]
  9038 | D:8      | Slain by a killer bee
  9039 | D:8      | Reached XP level 7. HP: -4/33 MP: 15/15
  9106 | D:9      | Noticed a troll
  9113 | D:9      | Reached skill level 5 in Spellcasting
  9135 | D:9      | Noticed a wyvern
  9225 | D:8      | Killed a two-headed ogre
  9225 | D:8      | Reached skill level 1 in Poison Magic
  9225 | D:8      | Reached XP level 8. HP: 37/37 MP: 16/16
  9468 | D:9      | Noticed a cyclops
  9767 | D:9      | Killed a cyclops
  9767 | D:9      | Reached XP level 9. HP: 40/40 MP: 18/18
  9802 | D:9      | Noticed a two-headed ogre
  9867 | D:9      | Killed a two-headed ogre
 10084 | D:9      | Identified a scroll of acquirement
 10084 | D:9      | Identified the Volume of Feathery Summoning (You acquired
                  | it on level 9 of the Dungeon)
 10132 | D:8      | Learned a level 5 spell: Blade Hands
 10140 | D:8      | Learned a level 4 spell: Ice Form
 10152 | D:8      | Killed a troll
 10650 | D:9      | Noticed Gastronok
 10702 | D:9      | Shot with an arrow by a centaur

Levels and vault maps discovered:
D:1:      dpeg_arrival_pits, layout_loops_ring
D:2:      minmay_door_path, layout_loops_ring, zin_scriptorium, first_ration,
          minmay_quantized
D:3:      layout_rooms, lemuel_round_altar
D:4:      layout_basic, yredelemnul_altar_generic,
          minmay_temple_entry_proselytizer, uniq_robin
D:5:      layout_layer_cave, enter_ossuary_4, minivault_26,
          minmay_misc_feat_pillars, kennysheep_generic_room_3
D:6:      layout_basic, chequers_temple_overflow_statue_of_worship
D:7:      layout_loops_corners, fedhas_altar_fruit_tree,
          lemuel_zombie_altar_kikubaaqudgha, bloody_makhleb, serial_shops, shop
D:8:      layout_cave_pods, kennysheep_little_box, lemuel_round_altar
D:9:      layout_long_grid, marbit_many_paths, uniq_gastronok
Temple:   minmay_temple_curvy_loop

Skill      XL: |  1  2  3  4  5  6  7  8  9 |
---------------+----------------------------+-----
Stealth        | 1 2 3 4 5 8 |  8.8
Dodging        | 3 4 5 7 8 |  8.4
Transmutations | 3 4 6 7 |  7.2
Fighting       | 2 3 5 6 |  6.1
Unarmed Combat | 4 6 7 |  7.0
Spellcasting   | 3 5 4 |  5.9
Poison Magic   | 1 2 |  2.0

Action                   |  1- 3 |  4- 6 |  7- 9 || total
-------------------------+-------+-------+-------++-------
Melee: Unarmed           |    94 |   332 |   354 ||   780
       Headbutt          |    17 |     3 |     5 ||    25
       Punch             |     2 |     2 |       ||     4
       Bite              |     1 |     4 |     7 ||    12
 Cast: Beastly Appendage |    19 |    13 |     8 ||    40
       Spider Form       |       |    26 |    34 ||    60
       Ice Form          |       |       |     2 ||     2
       Blade Hands       |       |       |     1 ||     1
 Abil: End Transformatio |       |       |     2 ||     2
Evoke: Wand              |       |       |    14 ||    14
  Use: Scroll            |     2 |     3 |    18 ||    23
       Potion            |       |     3 |    10 ||    13
 Stab: Sleeping          |    12 |     8 |    23 ||    43
       Distracted        |       |     1 |     1 ||     2
  Eat: Chunk             |     8 |     7 |    18 ||    33
Armor: Skin              |    13 |    43 |    39 ||    95
Dodge: Dodged            |    66 |   277 |   378 ||   721

Table legend:
 A = Non-vault XP
 B = Vault XP
 C = Vault XP percentage of total XP
 D = Non-vault monster count
 E = Vault monster count
 F = Vault count percentage of total count
                 A         B        C        D         E       F
            +---------+---------+-------+---------+---------+-------
      Total |    6480 |     879 |  11.9 |     168 |      58 |  25.7
            +---------+---------+-------+---------+---------+-------
        D:1 |      35 |       0 |   0.0 |      19 |       0 |   0.0
        D:2 |      79 |      40 |  33.6 |      22 |       9 |  29.0
        D:3 |     111 |       0 |   0.0 |      26 |       0 |   0.0
        D:4 |     251 |      80 |  24.2 |      10 |      14 |  58.3
        D:5 |     160 |       2 |   1.2 |       9 |       2 |  18.2
        D:6 |     745 |       0 |   0.0 |      14 |       0 |   0.0
        D:7 |     731 |       2 |   0.3 |      15 |       2 |  11.8
        D:8 |    2553 |       0 |   0.0 |      30 |       0 |   0.0
        D:9 |    1815 |     511 |  22.0 |      23 |       1 |   4.2
    Ossuary |       0 |     244 | 100.0 |       0 |      30 | 100.0
            +---------+---------+-------+---------+---------+-------
